 Dungeon Crawl Stone Soup version 0.29.1-1-gd02db6906a (webtiles) character file.

Game seed: 3828991340432659304

1384 NullDivider the Sneak (level 8, 0/43 (46) HPs)
             Began as an Octopode Venom Mage on Sept 27, 2022.
             Slain by a wight
             ... wielding a +3 hand axe of freezing
              (3 damage)
             ... on level 6 of the Dungeon.
             The game lasted 00:45:26 (8343 turns).

NullDivider the Sneak (Octopode Venom Mage)         Turns: 8343, Time: 00:45:33

HP:   0/43 (46)     AC:  6    Str: 16    XL:     8   Next: 67%
MP:   13/15         EV: 14    Int: 19    God:
Gold: 252           SH:  0    Dex: 12    Spells: 4/16 levels left

rFire   . . .      SeeInvis .   r - +0 mace (holy)
rCold   . . .      Faith    .   (no shield)
rNeg    . . .      Spirit   .   p - +1 hat
rPois   .          Reflect  .   f - amulet of the acrobat
rElec   .          Harm     .   d - +6 ring of strength
rCorr   .          Rampage  .   m - +4 ring of protection
Will    .....                   s - ring "Gagiunur" {Wiz Str+2}
Stlth   ++++......              (no ring)
HPRegen 0.14/turn               (no ring)
MPRegen 0.14/turn               (no ring)
                                (no ring)
                                (no ring)

@: studying Unarmed Combat, drained
A: almost no armour, amphibious, 8 rings, camouflage 1, gelatinous body 1,
(nimble swimmer 1), tentacles
a: no special abilities


You were on level 6 of the Dungeon.
You visited 1 branch of the dungeon, and saw 6 of its levels.

You collected 252 gold pieces.

Inventory:

Hand Weapons
 r - a +0 mace of holy wrath (weapon)
 v - the +10 war axe "Jasucs" {antimagic, rF+ rCorr}
   (You found it on level 6 of the Dungeon)

   It reduces the magical energy of the wielder, and disrupts the spells and
   magical abilities of those it strikes.
   Natural abilities and divine invocations are not affected.
   rF:        It protects you from fire.
   rCorr:     It protects you from acid and corrosion.
Armour
 p - a +1 hat (worn)
Jewellery
 d - a +6 ring of strength (left tentacle)
 f - an amulet of the acrobat (around mantle)
 m - a +4 ring of protection (right tentacle)
 s - the ring "Gagiunur" (on tentacle) {Wiz Str+2}
   (You found it on level 5 of the Dungeon)

   [ring of wizardry]

   It improves your spell success rate.
   Str:       It affects your strength (+2).
Wands
 t - a wand of charming (9)
Scrolls
 c - 3 scrolls of immolation
 e - 7 scrolls of teleportation
 g - 3 scrolls of amnesia {unknown}
 i - a scroll of noise {unknown}
 j - 3 scrolls of identify {unknown}
 o - 3 scrolls of enchant weapon {unknown}
 x - a scroll of enchant armour {unknown}
Potions
 a - a potion of magic
 b - a potion of ambrosia
 h - 2 potions of degeneration {unknown}
 k - 2 potions of might {unknown}
 l - 2 potions of haste
 n - 4 potions of curing {unknown}
 q - 2 potions of lignification {unknown}
 u - a potion of heal wounds {unknown}
 w - a potion of mutation {unknown}


   Skills:
 * Level 5.1 Dodging
 * Level 7.3 Stealth
 * Level 4.6 Spellcasting
 - Level 2.3 Conjurations
 - Level 0.8 Translocations
 - Level 1.2 Transmutations
 - Level 2.0 Air Magic
 * Level 6.9 Poison Magic


You had 4 spell levels left.
You knew the following spells:

 Your Spells              Type           Power      Damage    Failure   Level
a - Sting                 Tmut/Pois      76%        1d6       1%          1
b - Poisonous Vapours     Pois/Air       42%        N/A       1%          2
c - Mephitic Cloud        Conj/Pois/Air  18%        N/A       3%          3
d - Olgreb's Toxic Radia  Pois           30%        N/A       3%          4
e - Blink                 Tloc           14%        N/A       6%          2

Your spell library contained the following spells:

 Spells                   Type           Power      Damage    Failure   Level
 Magic Dart               Conj           52%        1d5       1%          1
 Searing Ray              Conj           26%        2d5       3%          2
 Static Discharge         Conj/Air       12%        3-5/arc   3%          2
 Call Imp                 Summ           4%         N/A       9%          2
 Summon Guardian Golem    Hex/Summ       4%         N/A       16%         3
 Fulminant Prism          Conj/Hex       4%         3d6       30%         4
 Sticky Flame             Conj/Fire      8%         2d3       30%         4
 Dispel Undead            Necr           4%         3d7       45%         4
 Orb of Destruction       Conj           6%         9d6       100%        7
 Spellforged Servitor     Conj/Summ      4%         N/A       100%        7


Dungeon Overview and Level Annotations

Branches:
Dungeon (6/15)
 Temple: D:4-7

Altars:
Gozag
Qazlal
Ru
Sif Muna
Vehumet
Wu Jian
Xom

Shops:
D:2 [


Innate Abilities, Weirdness & Mutations

You cannot wear most types of armour.
You are amphibious.
You can wear up to eight rings at the same time.
Your skin changes colour to match your surroundings (Stealth+).
Your rubbery body absorbs attacks. (AC +1, EV +1)
((You are camouflaged when in or above water. (Stealth+)))
You have tentacles for arms and can constrict up to eight enemies at once.


Message History

The hound looks more healthy.
The hound completely misses you.
You hit the hound.
You kill the hound!
The sting hits the wight but does no damage.
A wight comes into view. It is wielding a +2 dire flail.
The sting hits the wight but does no damage.
You hit the wight.
The wight convulses.
Your grab misses the wight. You squeeze the wight.
The wight is moderately damaged.
The wight closely misses you.
You barely miss the wight. Your grab misses the wight.
The wight is moderately damaged.
The wight misses you. The wight hits you with a +3 battleaxe!
You feel drained.
You barely miss the wight. Your grab misses the wight.
Your squeeze misses the wight.
The wight is moderately damaged.
The wight closely misses you.
You hit the wight but do no damage. You grab the wight. You squeeze the wight.
The wight is severely damaged.
You constrict the wight, but do no damage.
The wight barely misses you. The wight hits you with a +3 battleaxe!
You sock the wight!
You destroy the wight!
Your life force feels restored.
You closely miss the wight. You grab the wight. Your squeeze misses the wight.
You constrict the wight, but do no damage.
The wight misses you.
You hit the wight.
The wight convulses.
The wight is lightly damaged.
You constrict the wight.
The wight hits you with a +3 hand axe of freezing.
* * * LOW HITPOINT WARNING * * *
You feel drained.
* * * LOW HITPOINT WARNING * * *
The wight freezes you.
* * * LOW HITPOINT WARNING * * *
The wight hits you with a +3 hand axe of freezing!
* * * LOW HITPOINT WARNING * * *
You feel drained. The wight freezes you.
You die...

....## #..## ##.# .....#
##...##.... ...
.....###........# ....
.....#.........# # #......
..[....#.......### .##......
.......##......... ....<...#
.#####.....#.##########..# ...
.. #.#.....#≈##≈##≈#..# ##.##
...#####.##.†.zz@§......###...##
....#...#..##≈##≈##≈##..##....##
#.....#.....#########..........#
##....#..##.##..................
#..#...######..................
#.###.....###.......##........#
... #..........................#
#..........####.................
#...##..#..####..#.........##..#


You could see 2 wights.

Vanquished Creatures
  Grinder (D:3)
  Sigmund (D:2)
  A black bear (D:6)
  A phantom (D:5)
  A necrophage (D:4)
  A bullfrog (D:6)
  A scorpion (D:6)
  A wight (D:6)
  2 hounds
  3 jellies
  An orc priest (D:4)
  A gnoll bouda (D:5)
  Jessica (D:3)
  Ijyb (D:3)
  Terence (D:2)
  An orc wizard (D:4)
  9 gnolls
  9 adders
  A white imp (D:5)
  An ufetubus (D:5)
  A worm (D:2)
  4 dart slugs
  14 orcs
  7 endoplasms
  4 giant cockroaches
  7 goblins
  4 hobgoblins
  2 iguanas
  9 jackals
  3 quokkas
  6 ball pythons
  5 bats
  4 frilled lizards
  10 kobolds
  3 rats
122 creatures vanquished.

Vanquished Creatures (others)
  An orc (D:4)
  2 plants (D:1)
3 creatures vanquished.

Grand Total: 125 creatures vanquished

Notes
Turn   | Place    | Note
-------+----------+-------------------------------------------
     0 | D:1      | NullDivider the Octopode Venom Mage began the quest for the
                  | Orb.
     0 | D:1      | Reached XP level 1. HP: 11/11 MP: 3/3
   231 | D:1      | Reached XP level 2. HP: 17/17 MP: 3/5
   255 | D:1      | Learned a level 2 spell: Poisonous Vapours
   346 | D:1      | Reached skill level 3 in Stealth
   528 | D:1      | Found a faded altar of an unknown god.
   706 | D:1      | Reached XP level 3. HP: 17/21 MP: 6/6
   762 | D:1      | Learned a level 3 spell: Mephitic Cloud
  1494 | D:2      | Found Loafiopn's Antique Armour Emporium.
  1717 | D:2      | Found an ornate altar of the Wu Jian Council.
  1795 | D:2      | Reached XP level 4. HP: 24/27 MP: 2/7
  2122 | D:2      | Noticed Sigmund
  2299 | D:2      | Killed Sigmund
  2300 | D:2      | Reached skill level 4 in Stealth
  2300 | D:2      | Reached skill level 1 in Conjurations
  2300 | D:2      | Reached skill level 1 in Air Magic
  2300 | D:2      | Reached XP level 5. HP: 8/31 MP: 3/9
  2300 | D:2      | Reached XP level 6. HP: 10/36 MP: 3/10
  2651 | D:2      | Learned a level 4 spell: Olgreb's Toxic Radiance
  2775 | D:2      | Noticed Terence
  2842 | D:2      | Killed Terence
  3118 | D:3      | Reached skill level 5 in Poison Magic
  3645 | D:3      | Found an opulent altar of Gozag.
  3645 | D:3      | Found a sacrificial altar of Ru.
  3649 | D:3      | Noticed Ijyb
  3653 | D:3      | Found a radiant altar of Vehumet.
  3653 | D:3      | Found a shimmering blue altar of Sif Muna.
  3672 | D:3      | Killed Ijyb
  3870 | D:3      | Noticed Jessica
  3949 | D:3      | Killed Jessica
  4021 | D:3      | Got Jessica's Quarto of Direction
  4089 | D:3      | Found a shimmering altar of Xom.
  4138 | D:3      | Reached skill level 5 in Stealth
  4453 | D:3      | Reached XP level 7. HP: 13/41 MP: 7/11
  4726 | D:3      | Noticed Grinder
  4980 | D:3      | Paralysed by Grinder for 2 turns
  4985 | D:3      | Killed Grinder
  5156 | D:3      | Learned a level 2 spell: Blink
  6149 | D:4      | Found a stormy altar of Qazlal.
  6227 | D:4      | Reached skill level 6 in Stealth
  6492 | D:5      | Entered Level 5 of the Dungeon
  6819 | D:5      | Reached XP level 8. HP: 40/46 MP: 9/13
  6991 | D:5      | Identified the ring "Gagiunur" {Wiz Str+2}
  8160 | D:6      | Reached skill level 7 in Stealth
  8207 | D:6      | Identified the +10 war axe "Jasucs" {antimagic, rF+ rCorr}
  8274 | D:6      | Reached skill level 5 in Dodging
  8343 | D:6      | Slain by a wight

Illustrated notes

Levels and vault maps discovered:
D:1:      saegor_arrival_under_anarchy, layout_loops_ring, serial_forest,
          infiniplex_forest_end_double, infiniplex_forest_straight_2,
          infiniplex_forest_straight_4, infiniplex_forest_end_2,
          infiniplex_forest_split, infiniplex_forest_end_3,
          infiniplex_forest_zigzag_2, hellmonk_ecumenical_altar_dog_temple
D:2:      layout_basic, serial_shops, nicolae_shop_hallway_stairs, basic_altar,
          uniq_sigmund, uniq_terence
D:3:      layout_basic, grunt_temple_overflow_open, dk_xom_monty_hall,
          chequers_decorated_corner, kennysheep_jessica_study, uniq_ijyb,
          uniq_grinder
D:4:      layout_basic, grunt_qazlal_clouds
D:5:      layout_loops_ring, gup_sewer_entry_pipe, nicolae_zen_rock_garden,
          grunt_decor_one_mirror
D:6:      layout_cave_pools, amcnicky_mini_corridor_feature

Skill      XL: |  1  2  3  4  5  6  7  8 |
---------------+-------------------------+-----
Stealth        | 3 4 5 6 7 |  7.3
Poison Magic   | 4 5 6 |  6.9
Dodging        | 3 4 5 |  5.1
Conjurations   | 1 2 |  2.3
Air Magic      | 1 2 |  2.0
Spellcasting   | 3 4 |  4.6
Translocations | |  0.8
Transmutations | |  1.2

Action                   |  1- 3 |  4- 6 |  7- 9 || total
-------------------------+-------+-------+-------++-------
Melee: Unarmed           |    31 |    33 |    45 ||   109
       Constrict         |    12 |     8 |    16 ||    36
       Tentacles         |     5 |     9 |    14 ||    28
       Punch             |       |     1 |     1 ||     2
       Mace              |       |       |    24 ||    24
 Cast: Sting             |    42 |    38 |    83 ||   163
       Poisonous Vapours |     5 |    31 |    40 ||    76
       Olgreb's Toxic Ra |       |       |     1 ||     1
Evoke: Wand              |       |       |     6 ||     6
  Use: Potion            |       |     1 |     1 ||     2
       Scroll            |       |     2 |     1 ||     3
 Stab: Sleeping          |     3 |       |     4 ||     7
Armor: Skin              |     4 |     1 |    14 ||    19
Dodge: Dodged            |    12 |    34 |   112 ||   158
